 Dungeon Crawl Stone Soup version 0.29.0-7-g18a832c13a (webtiles) character file.

Game seed: 16016534898152659947

44 NinjaNoafa the Covert (level 3, -1/35 HPs)
             Began as a Gnoll Delver on Aug 31, 2022.
             Was an Initiate of Dithmenos.
             Slain by an adder (2 damage)
             ... in a sewer.
             The game lasted 00:04:19 (625 turns).

NinjaNoafa the Covert (Gnoll Delver)                 Turns: 625, Time: 00:04:20

Health: -1/35      AC:  3    Str: 11    XL:     3   Next: 62%
Magic:  1/1        EV: 13    Int:  9    God:    Dithmenos [......]
Gold:   0          SH:  0    Dex: 15    Spells: 3/3 levels left

rFire   . . .      SeeInvis .   d - +2 hand axe (antimagic)
rCold   . . .      Faith    .   (no shield)
rNeg    . . .      Spirit   .   b - +0 leather armour
rPois   .          Reflect  .   (no helmet)
rElec   .          Harm     .   (no cloak)
rCorr   .          Rampage  .   (no gloves)
Will    .....                   (no boots)
Stlth   ++++......              (no amulet)
HPRegen 0.11/turn               (no ring)
MPRegen 0.07/turn               (no ring)

@: hasted, very quick
A: fangs 1, strong nose, distributed training
a: Renounce Religion


You were in a sewer.
You worshipped Dithmenos.
Dithmenos was noncommittal.
You visited 2 branches of the dungeon, and saw 2 of its levels.
You also visited: Sewer.

Inventory:

Hand Weapons
 d - a +2 antimagic hand axe (weapon)
Missiles
 a - 4 stones (quivered)
Armour
 b - a +0 leather armour (worn)
Wands
 g - a wand of digging (3)
Scrolls
 c - a scroll of fog


   Skills:
 + Level 6.5 Fighting
 + Level 0.9 Short Blades
 + Level 0.9 Long Blades
 + Level 4.5 Axes
 + Level 0.9 Maces & Flails
 + Level 0.9 Polearms
 + Level 0.9 Staves
 + Level 0.9 Ranged Weapons
 + Level 0.9 Throwing
 + Level 0.9 Armour
 + Level 4.5 Dodging
 + Level 9.6 Stealth
 + Level 0.9 Shields
 + Level 0.9 Unarmed Combat
 + Level 0.9 Spellcasting
 + Level 0.6 Conjurations
 + Level 0.6 Hexes
 + Level 0.6 Summonings
 + Level 0.6 Necromancy
 + Level 0.6 Translocations
 + Level 0.6 Transmutations
 + Level 0.6 Fire Magic
 + Level 0.6 Ice Magic
 + Level 0.6 Air Magic
 + Level 0.6 Earth Magic
 + Level 0.6 Poison Magic
 + Level 1.0 Invocations
 + Level 0.9 Evocations


You had 3 spell levels left.
You didn't know any spells.
Your spell library was empty.

Dungeon Overview and Level Annotations

Branches:
Dungeon (5/15)             Temple (1/1) D:5           Sewer (1/1)

Altars:
Cheibriados
Dithmenos
Elyvilon
Fedhas
Makhleb
Nemelex Xobeh
Qazlal
Trog
Uskayaw
Vehumet
Yredelemnul
Zin


Innate Abilities, Weirdness & Mutations

You have very sharp teeth.
Your uncanny sense of smell can sniff out nearby items.
Your experience applies equally to all skills.


Message History

You miss the adder.
You feel sick. The adder bites you. The adder barely misses you.
You hit the adder.
The adder is heavily wounded.
You closely miss the adder.
You feel sick. The adder closely misses you. The adder barely misses you.
As you read the scroll of fear, it crumbles to dust.
You assume a fearsome visage.
The adder looks frightened! x3; You feel sick.
You feel sick.
You feel sick.
You are no longer poisoned.
You start resting.
An adder is nearby!
You barely miss the adder.
Your attack snaps the adder out of its fear.
The adder bites you but does no damage. The adder closely misses you.
You barely miss the adder.
The adder hisses angrily.
The adder closely misses you. The adder misses you.
You hit the adder but do no damage. You closely miss the adder.
The adder bites you.
* * * LOW HITPOINT WARNING * * *
You are poisoned.
The adder poisons you! The adder barely misses you. The adder bites you.
* * * LOW HITPOINT WARNING * * *
You hit the adder.
The adder is heavily wounded.
You closely miss the adder.
You feel sick. The adder barely misses you. The adder misses you.
The adder barely misses you.
You hit the adder.
You kill the adder!
Dithmenos accepts your kill.
You hit the adder.
You feel sick. The adder bites you.
* * * LOW HITPOINT WARNING * * *
You feel yourself speed up.
* * * LOW HITPOINT WARNING * * *
You feel sick.
You are no longer poisoned.
The adder bites you.
You die...

#~# #~# #~# #~# #S# #~#
##############~#########
.~.~.~†@.S~~~.~~~~~.~..~
.~~~.~S~.~~~.~.~~~~....~
########################


You could see 2 adders.

Vanquished Creatures
  3 adders
  A shadow imp (D:5)
  An orc (D:5)
  2 giant cockroaches (D:5)
  3 quokkas (D:5)
  A frilled lizard (Sewer)
11 creatures vanquished.

Notes
Turn   | Place    | Note
-------+----------+-------------------------------------------
     0 | D:5      | Reached skill level 9 in Stealth
     0 | D:5      | NinjaNoafa the Gnoll Delver began the quest for the Orb.
     0 | D:5      | Reached XP level 1. HP: 23/23 MP: 1/1
    59 | D:5      | Reached XP level 2. HP: 26/29 MP: 2/2
   108 | D:5      | Found a staircase to the Ecumenical Temple.
   134 | Temple   | Entered the Ecumenical Temple
   310 | Temple   | Became a worshipper of Dithmenos the Shadowed
   472 | D:5      | Found a radiant altar of Vehumet.
   509 | D:5      | Found a glowing drain.
   524 | D:5      | Reached XP level 3. HP: 32/35 MP: 1/3
   529 | Sewer    | Entered a sewer
   545 | Sewer    | Reached skill level 1 in Invocations
   625 | Sewer    | HP: 1/35 [poisoned by an adder]
   625 | Sewer    | Slain by an adder

Illustrated notes

Levels and vault maps discovered:
D:5:      layout_basic, kennysheep_little_box, mainiacjoe_overflow_catwalk,
          nicolae_overflow_squiral, temple_pool_b, portal_sewer_entry_f
Temple:   nicolae_temple_bog_church
Sewer:    sewer_co_cracked_pipes

Skill      XL: |  1  2  3 |
---------------+----------+-----
Stealth        | |  9.6
Invocations    | 1 |  1.0
Fighting       | |  6.5
Short Blades   | |  0.9
Long Blades    | |  0.9
Axes           | |  4.5
Maces & Flails | |  0.9
Polearms       | |  0.9
Staves         | |  0.9
Ranged Weapons | |  0.9
Throwing       | |  0.9
Armour         | |  0.9
Dodging        | |  4.5
Shields        | |  0.9
Unarmed Combat | |  0.9
Spellcasting   | |  0.9
Conjurations   | |  0.6
Hexes          | |  0.6
Summonings     | |  0.6
Necromancy     | |  0.6
Translocations | |  0.6
Transmutations | |  0.6
Fire Magic     | |  0.6
Ice Magic      | |  0.6
Air Magic      | |  0.6
Earth Magic    | |  0.6
Poison Magic   | |  0.6
Evocations     | |  0.9

Action                   || total
-------------------------++-------
Melee: Hand axe          ||    35
       Punch             ||     1
  Use: Scroll            ||     2
       Potion            ||     1
 Stab: Sleeping          ||     4
Armor: Leather armour    ||     7
Dodge: Dodged            ||    33
